 Dungeon Crawl Stone Soup version 0.31.0-1-g2c135a0 (webtiles) character file.

Game seed: 13261054677320983394

107 bonegar the Sneak (level 4, -6/36 HPs)
             Began as a Naga Enchanter on Jan 26, 2024.
             Killed by divine providence
             ... invoked by an orc priest
              (13 damage)
             ... on level 3 of the Dungeon.
             The game lasted 00:22:37 (2113 turns).

bonegar the Sneak (Naga Enchanter)                  Turns: 2113, Time: 00:22:38

Health: -6/36      AC:  4    Str: 10    XL:     4   Next: 85%
Magic:  1/7        EV: 13    Int: 17    God:
Gold:   57         SH:  0    Dex: 12    Spells: 5/7 levels left

rFire   . . .        d - +2 dagger (venom)
rCold   . . .        (no shield)
rNeg    . . .        e - +0 ring mail
rPois   +            (no helmet)
rElec   .            (no cloak)
rCorr   +            (no gloves)
SInv    +            (no barding)
Will    .....        (no amulet)
Stlth   ++           f - ring of resist corrosion {based}
HPRegen 0.26/turn    g - +5 ring of evasion
MPRegen 0.10/turn

%: no passive effects
@: very slow
A: AC +1, large, see invisible, deformed body, poison resistance, slowness 2,
spit poison 1, naga tail 1
a: Spit Poison


You were on level 3 of the Dungeon.
You visited 1 branch of the dungeon, and saw 3 of its levels.

You collected 57 gold pieces.

Inventory:

Hand Weapons
 a - a +1 dagger
 d - a +2 dagger of venom (weapon)
Armour
 b - a +0 robe
 e - a +0 ring mail (worn)
Magical Staves
 l - a staff of fire
Jewellery
 f - a ring of resist corrosion (left hand) {based}
 g - a +5 ring of evasion (right hand)
 h - a ring of positive energy
Wands
 c - a wand of digging (4)
Scrolls
 j - a scroll of revelation


   Skills:
 + Level 0.2 Fighting
 + Level 1.3 Short Blades
 + Level 1.0 Armour
 + Level 1.8 Dodging
 + Level 5.9 Stealth
 + Level 2.4 Spellcasting
 + Level 3.7 Hexes
 + Level 0.2 Ice Magic


You had 5 spell levels left.
You knew the following spells:

 Your Spells              Type           Power      Damage    Failure   Level
a - Ensorcelled Hibernat  Hex/Ice        16%        N/A       32%         2

Your spell library contained the following spells:

 Spells                   Type           Power      Damage    Failure   Level
 Confusing Touch          Hex            14%        N/A       30%         3
 Tukima's Dance           Hex            14%        N/A       30%         3
 Dazzling Flash           Conj/Hex       16%        N/A       54%         3


Dungeon Overview and Level Annotations

Branches:
Dungeon (3/15)

Altars:


Innate Abilities, Weirdness & Mutations

Your serpentine skin is tough. (AC +1)
You have supernaturally acute eyesight. (SInv)
Armour fits poorly on your strangely shaped body.
Your system is resistant to poisons. (rPois)
You cover ground very slowly.
You can spit poison.
You have a snake-like lower body.


Message History

You are frozen.
You hit the endoplasm.
You kill the endoplasm!
The orc barely misses you.
Your magical contamination has completely faded away.
Casting: Ensorcelled Hibernation (dangerous; 32% risk of failure)
Confirm with . or Enter, or press ? or * to list all spells.
Aiming: Ensorcelled Hibernation (dangerous; 32% risk of failure)
Press: ? - help, Shift-Dir - straight line, f - orc
Aim: an orc, wielding a +0 trident and wearing a +0 leather armour (chance to affect: 59%)
You miscast Ensorcelled Hibernation.
You are very lightly contaminated with residual magic.
Nothing appears to happen.
The orc priest looks satisfied for a moment.
The orc misses you.
Throw: 2 darts (poison)
Press: ? - help, Q - select action, (/) - cycle Shift-Dir - straight line, f/p - orc
Aim: an orc, wielding a +0 trident and wearing a +0 leather armour (52% to hit)
You throw a poisoned dart.
The poisoned dart barely misses the orc.
The orc shouts!
You hear a shout!
The orc barely misses you.
Throw: dart (poison)
Press: ? - help, Q - select action, (/) - cycle Shift-Dir - straight line, f/p - orc
Aim: an orc, wielding a +0 trident and wearing a +0 leather armour (52% to hit)
You throw a poisoned dart. The poisoned dart hits the orc.
The orc priest calls down the wrath of Beogh upon you.
Beogh smites you! The orc completely misses you. The orc closely misses you.
The orc priest looks encouraged for a moment.
The orc hits you from afar with a +0 trident.
The orc falls through a shaft!
The shaft crumbles and collapses.
The orc hits you from afar with a +0 trident!
* * * LOW HITPOINT WARNING * * *
The orc misses you.
Your magical contamination has completely faded away.
The orc priest mumbles some strange prayers to Beogh against you.
Beogh smites you!
You die...

#....... #......# #......#
#......## #.......####.
#............ # #..<...#
...
##.####...##.###...o......
#........@#..?...# #.#...#
...#.†...o.......###.....(
..........o................
............o..............
...#.........o...........(.
.. #.........(.[..(.##.....
. #...........?.........<)
##......................
##..............#...o.o


You could see 3 orc priests and an orc.

Vanquished Creatures
  4 gnolls
  2 adders (D:2)
  2 dart slugs
  A ribbon worm (D:2)
  4 ball pythons
  6 endoplasms
  5 goblins
  A hobgoblin (D:2)
  4 jackals (D:2)
  A quokka (D:1)
  2 bats (D:1)
  5 frilled lizards
  A kobold (D:3)
  4 rats
42 creatures vanquished.

Notes
Turn   | Place    | Note
-------+----------+-------------------------------------------
     0 | D:1      | bonegar the Naga Enchanter began the quest for the Orb.
     0 | D:1      | Reached XP level 1. HP: 15/15 MP: 3/3
   100 | D:1      | Found a faded altar of an unknown god.
   137 | D:1      | Reached XP level 2. HP: 19/22 MP: 5/5
  1124 | D:2      | Reached skill level 5 in Stealth
  1124 | D:2      | Reached XP level 3. HP: 28/28 MP: 6/6
  1171 | D:1      | HP: 1/28 [gnoll/+0 club (1)]
  1329 | D:2      | Reached XP level 4. HP: 36/36 MP: 7/7
  1407 | D:2      | Learned a level 2 spell: Ensorcelled Hibernation
  1560 | D:2      | Reached skill level 1 in Armour
  2113 | D:3      | Killed from afar by an orc priest

Illustrated notes

Levels and vault maps discovered:
D:1:      lightli_arrival_noodles, layout_loops_ring,
          chequers_ecumenical_altar_simple, serial_forest,
          infiniplex_forest_lined_room_2, infiniplex_forest_straight_3,
          infiniplex_forest_zigzag_2, infiniplex_forest_lined_2,
          infiniplex_forest_end_2, infiniplex_forest_clump_cross,
          infiniplex_forest_lined_room_2, hangedman_decor_push,
          hangedman_abyss_or_decor_lesser_grid
D:2:      layout_rooms
D:3:      layout_rooms, marbit_many_paths, nicolae_overflow_hidden_temple,
          uniq_grinder, uniq_natasha, uniq_crazy_yiuf_cottage

Skill      XL: |  1  2  3  4 |
---------------+-------------+-----
Stealth        | 5 |  5.9
Armour         | 1 |  1.0
Fighting       | |  0.2
Short Blades   | |  1.3
Dodging        | |  1.8
Spellcasting   | |  2.4
Hexes          | |  3.7
Ice Magic      | |  0.2

Action                     |  1- 3 |  4- 6 || total
---------------------------+-------+-------++-------
  Melee: Dagger            |    44 |    55 ||    99
         Staff             |     4 |       ||     4
  Throw: Dart              |       |     3 ||     3
   Cast: Ensorcelled Hiber |       |    15 ||    15
    Use: Potion            |     3 |     1 ||     4
         Scroll            |     1 |       ||     1
   Stab: Sleeping          |     4 |     7 ||    11
         Invisible         |     2 |       ||     2
 Armour: Ring mail         |    25 |    27 ||    52
  Dodge: Dodged            |    54 |    53 ||   107
